 Dungeon Crawl Stone Soup version 0.22.1-1-ga44c0e56f4 (webtiles) character file.

126 Nixze the Magician (level 4, -1/24 HPs)
             Began as a Deep Elf Venom Mage on Nov 2, 2018.
             Killed from afar by Ijyb (19 damage)
             ... with a wand of acid (10)
             ... on level 3 of the Dungeon.
             The game lasted 00:07:18 (2753 turns).

Nixze the Magician (Deep Elf Venom Mage)            Turns: 2753, Time: 00:07:19

Health: -1/24      AC:  2    Str:  5    XL:     4   Next: 84%
Magic:  0/12       EV: 13    Int: 21    God:
Gold:   124        SH:  0    Dex: 15    Spells: 1/11 levels left

rFire    . . .     SeeInvis .   h - +0 dagger
rCold    + . .     Gourm    .   (no shield)
rNeg     . . .     Faith    .   a - +0 robe
rPois    .         Spirit   .   (no helmet)
rElec    .         Reflect  .   (no cloak)
rCorr    .         Harm     .   (no gloves)
MR       +....                  (no boots)
Stlth    ++........             (no amulet)
HPRegen  0.08/turn              e - ring of protection from cold
MPRegen  0.13/turn              f - ring of protection from magic

@: very slightly contaminated
A: no striking features
a: no special abilities


You were on level 3 of the Dungeon.
You were hungry.

You visited 1 branch of the dungeon, and saw 3 of its levels.

You collected 124 gold pieces.

Inventory:

Hand Weapons
 h - a +0 dagger (weapon)
Armour
 a - a +0 robe (worn)
Jewellery
 e - a ring of protection from cold (left hand)
 f - a ring of protection from magic (right hand)
 n - an uncursed ring of resist corrosion {unknown}
Scrolls
 g - a scroll of magic mapping {unknown}
 i - 2 scrolls of immolation {unknown}
 j - 6 scrolls of amnesia {unknown}
 k - a scroll of fog {unknown}
Potions
 b - a potion of brilliance {unknown}
 d - a potion of invisibility {unknown}
 l - a potion of heal wounds {unknown}
 m - 3 potions of curing {unknown}
 o - a potion of haste {unknown}
 p - a potion of magic {unknown}
 q - a potion of mutation {unknown}
Comestibles
 c - 2 rations


   Skills:
 - Level 2.4 Dodging
 - Level 2.4 Stealth
 + Level 4.4 Spellcasting
 + Level 2.8 Conjurations
 + Level 1.6 Air Magic
 + Level 4.2 Poison Magic


You had one spell level left.
You knew the following spells:

 Your Spells              Type           Power        Failure   Level  Hunger
a - Sting                 Conj/Pois      ###.         2%          1    None
b - Poisonous Vapours     Pois/Air       ###...       5%          2    #......
c - Mephitic Cloud        Conj/Pois/Air  ###.....     11%         3    ##.....
d - Olgreb's Toxic Radia  Pois           ###.....     21%         4    ####...

Your spell library contained the following spells:

 Spells                   Type           Power        Failure   Level  Hunger
 Venom Bolt               Conj/Pois      ###.......   58%         5    ######.


Dungeon Overview and Level Annotations

Branches:
Dungeon (3/15)

Altars:
Ashenzari
Trog

Annotations:
D:3 2 transporters, Gunterle's ghost, amateur SpEE; Ijyb


Message History

Aim: Ijyb, wearing a glowing ring mail (severely wounded)
The sting hits Ijyb.
Ijyb appears unharmed.
Ijyb is severely wounded.
Ijyb barely misses you.
You hit Ijyb but do no damage.
Ijyb is severely wounded.
Ijyb hits you.
You completely miss Ijyb.
Ijyb is severely wounded.
Ijyb closely misses you.
Casting: Sting (safe; 2% risk of failure)
Confirm with . or Enter, or press ? or * to list all spells.
Aiming: Sting (safe; 2% risk of failure)
Press: ? - help, Shift-Dir - straight line, f/p - Ijyb
Aim: Ijyb, wearing a glowing ring mail (severely wounded)
The sting hits Ijyb.
Ijyb is poisoned.
Ijyb is almost dead.
Ijyb zaps a wand.
The bolt of acid hits you!
Ouch! That really hurt!
You die...

...###
#.#...รท....#
.....# ##.#####.###
..#..# ##.## #.#
###..#####...####.#
...#..............#
##########...######
##.##
#.###############.
#.....@g..........
##################


You could see Ijyb.

Vanquished Creatures
  4 adders
  2 worms (D:2)
  2 dart slugs
  3 leopard geckos (D:1)
  8 bats
  4 giant cockroaches
  10 goblins
  7 hobgoblins
  8 jackals
  3 ball pythons (D:1)
  7 frilled lizards
  5 kobolds
  8 rats
71 creatures vanquished.

Notes
Turn   | Place    | Note
-------+----------+-------------------------------------------
     0 | D:1      | Nixze the Deep Elf Venom Mage began the quest for the Orb.
     0 | D:1      | Reached XP level 1. HP: 10/10 MP: 6/6
    76 | D:1      | Reached XP level 2. HP: 15/15 MP: 2/8
   391 | D:1      | Learned a level 2 spell: Poisonous Vapours
   395 | D:1      | Reached XP level 3. HP: 19/19 MP: 7/10
  1575 | D:2      | Found a shattered altar of Ashenzari.
  1621 | D:2      | Reached skill level 1 in Air Magic
  1668 | D:2      | Reached XP level 4. HP: 24/24 MP: 8/12
  1857 | D:2      | Learned a level 3 spell: Mephitic Cloud
  1862 | D:2      | Learned a level 4 spell: Olgreb's Toxic Radiance
  2290 | D:2      | Found a bloodstained altar of Trog.
  2471 | D:3      | Found a transporter.
  2476 | D:3      | Found a transporter.
  2476 | D:3      | Noticed Gunterle's ghost (amateur SpEE)
  2486 | D:3      | Noticed a two-headed ogre
  2705 | D:3      | Noticed Ijyb
  2753 | D:3      | Killed from afar by Ijyb

Skill      XL: |  1  2  3 |
---------------+----------+-----
Conjurations   | 2 |  2.8
Poison Magic   | 4 |  4.2
Spellcasting   | 4 |  4.4
Air Magic      | 1 |  1.6
Dodging        | |  2.4
Stealth        | |  2.4

Action                   |  1- 3 |  4- 6 || total
-------------------------+-------+-------++-------
Melee: Unarmed           |     5 |       ||     5
       Dagger            |     8 |    27 ||    35
 Cast: Sting             |    50 |    21 ||    71
       Poisonous Vapours |    33 |    31 ||    64
       Mephitic Cloud    |       |     1 ||     1
  Eat: Chunk             |     3 |     3 ||     6
Armor: Robe              |     5 |     4 ||     9
Dodge: Dodged            |    17 |    14 ||    31
